[Event "Team 45 45 League T65"]
[Site "Internet Chess Club"]
[Date "2015.06.12"]
[Round "2"]
[White "hood"]
[Black "BigH"]
[Result "1-0"]
[WhiteElo "2024"]
[BlackElo "1995"]
[Opening "Sicilian: Najdorf, Byrne (English) attack"]
[ECO "B90"]
[Time "13:14:21"]
[TimeControl "2700+45"]

1. e4 c5 2. Nf3 d6 3. d4 cxd4 4. Nxd4 Nf6 5. Nc3 a6 6. Be3 e5 7. Nb3 Be6 8. f3
Be7 9. Qd2 Nbd7 10. O-O-O O-O 11. g4 b5 12. h4 b4 13. Nd5 Bxd5 14. exd5 a5 15.
Kb1 Nb6 16. Bxb6 Qxb6 17. h5 a4 18. Nc1 Ra5 19. Bc4 Rc8 20. Qd3 e4 21. fxe4 Nxg4
22. Qh3 Rxc4 23. Qxg4 Bf6 24. Rhf1 Kf8 25. h6 b3 26. cxb3 axb3 27. Nxb3 Rca4 28.
hxg7+ Bxg7 29. Rxf7+ Kxf7 30. Qe6+ {Black resigns} 1-0

[Event "Team 45 45 League T65"]
[Site "Internet Chess Club"]
[Date "2015.06.12"]
[Round "2"]
[White "modiglani"]
[Black "joebobpop"]
[Result "1-0"]
[WhiteElo "1930"]
[BlackElo "1951"]
[Opening "Réti: King's Indian attack"]
[ECO "A05"]
[Time "16:22:04"]
[TimeControl "2700+45"]

1. Nf3 Nf6 2. g3 g6 3. Bg2 Bg7 4. O-O O-O 5. d3 d5 6. Nbd2 c5 7. e4 Nc6 8. Re1
Bg4 9. h3 Bd7 10. e5 Ne8 11. Nf1 Nc7 12. c3 Qc8 13. Kh2 Ne6 14. Ne3 d4 15. Nd5
dxc3 16. bxc3 Nc7 17. Nf4 Ne6 18. Nd5 Nc7 19. Nf4 Qb8 20. d4 e6 21. Ba3 Nb5 22.
Bxc5 Rd8 23. Qd3 b6 24. Qxb5 bxc5 25. Qxc5 Qb2 26. d5 exd5 27. Nxd5 Rac8 28.
Nf6+ Bxf6 29. exf6 Nb8 30. Qg5 Qxc3 31. Ne5 Qb4 32. Bd5 Be8 33. Nxg6 Qc5 34.
Ne7+ {Black resigns} 1-0

[Event "Team 45 45 League T65"]
[Site "Internet Chess Club"]
[Date "2015.06.14"]
[Round "2"]
[White "andrewliang"]
[Black "Innes"]
[Result "0-1"]
[WhiteElo "1662"]
[BlackElo "1668"]
[Opening "Latvian counter-gambit"]
[ECO "C40"]
[Time "16:31:11"]
[TimeControl "2700+45"]

1. e4 e5 2. Nf3 f5 3. d3 Nc6 4. exf5 d5 5. Be2 Bxf5 6. O-O Nf6 7. Re1 Bd6 8. Nh4
Be6 9. Bh5+ Nxh5 10. Qxh5+ Bf7 11. Qg4 Qd7 12. Qxd7+ Kxd7 13. Nf5 Bg6 14. Ng3
Nd4 15. Na3 Bxa3 16. bxa3 Nxc2 17. Bb2 Nxe1 18. Rxe1 Rhe8 19. Rxe5 Rxe5 20. Bxe5
Bxd3 21. Bxg7 c5 22. Bc3 b5 23. Bb2 a5 24. Nh5 d4 25. Nf4 Bc4 26. f3 Kc6 27. Kf2
Rd8 28. Ke1 Bxa2 29. Kd2 c4 30. Ne2 c3+ 31. Nxc3 dxc3+ 32. Kxc3 Re8 {White
resigns} 0-1

[Event "Team 45 45 League T65"]
[Site "Internet Chess Club"]
[Date "2015.06.14"]
[Round "2"]
[White "XGG123"]
[Black "anishio"]
[Result "0-1"]
[WhiteElo "1327"]
[BlackElo "1656"]
[Opening "Ruy Lopez: 5.O-O"]
[ECO "C78"]
[Time "11:45:52"]
[TimeControl "2700+45"]

1. e4 e5 2. Nf3 Nc6 3. Bb5 a6 4. Ba4 Nf6 5. O-O b5 6. Bb3 Bc5 7. c3 d6 8. d4 Bb6
9. h3 h6 10. Be3 Qe7 11. a3 Bb7 12. Re1 O-O 13. Nbd2 Rad8 14. Nf1 Na5 15. Ba2
Nxe4 16. Bb1 Nf6 17. Ng3 e4 18. Nd2 d5 19. f3 Rfe8 20. Bf2 Qd6 21. fxe4 dxe4 22.
Ndxe4 Bxe4 23. Nxe4 Nxe4 24. Rxe4 Rxe4 25. Bxe4 Nc4 26. Qc2 Qf6 27. Rf1 Qg5 28.
Re1 Qd2 29. Qb1 Qxb2 30. Qd3 Qxa3 31. Bh4 Rb8 32. Bh7+ Kh8 33. Qe4 Qxc3 34. Rd1
Qe3+ {White resigns} 0-1

[Event "Team 45 45 League T65"]
[Site "Internet Chess Club"]
[Date "2015.06.14"]
[Round "2"]
[White "fishhead"]
[Black "SaltofLife"]
[Result "0-1"]
[WhiteElo "1862"]
[BlackElo "1892"]
[Opening "Ruy Lopez: closed, Chigorin defense"]
[ECO "C97"]
[Time "14:07:50"]
[TimeControl "2700+45"]

1. e4 e5 2. Nf3 Nc6 3. Bb5 a6 4. Ba4 Nf6 5. O-O Be7 6. Re1 b5 7. Bb3 d6 8. c3
O-O 9. h3 Na5 10. Bc2 c5 11. d4 Qc7 12. Nbd2 Bd7 13. d5 c4 14. Nf1 Nb7 15. Ng3
Nc5 16. Nh2 a5 17. f4 b4 18. fxe5 dxe5 19. Bd2 Rfb8 20. Qe2 b3 21. Bb1 bxa2 22.
Rxa2 Nb3 23. Be3 a4 24. Nf3 a3 25. Nf1 axb2 26. Rxb2 Bd6 27. Bg5 Ba3 28. Ra2 Be7
29. Rxa8 Rxa8 30. Ne3 Ra4 31. Bh4 Bb5 32. Bg3 Nd7 33. Ng4 f6 34. Nh4 Ndc5 35.
Nf5 Nd3 36. Rf1 Ra1 37. Bc2 Ra2 38. Qd1 Ra1 39. Qe2 Ra2 40. Qd1 Ra1 41. Qxa1
Nxa1 42. Rxa1 Bc5+ 43. Kh2 h5 44. Nge3 Qb6 45. Nd1 g6 46. Nh4 g5 {White resigns}
0-1

[Event "Team 45 45 League T65"]
[Site "Internet Chess Club"]
[Date "2015.06.14"]
[Round "2"]
[White "fledermaus"]
[Black "no3"]
[Result "1-0"]
[WhiteElo "1950"]
[BlackElo "1640"]
[Opening "QGD: 4.Nf3"]
[ECO "D37"]
[Time "12:00:34"]
[TimeControl "2700+45"]

1. d4 d5 2. Nf3 Nf6 3. c4 e6 4. Nc3 Nc6 5. Bg5 Be7 6. e3 O-O 7. Qc2 Ne8 8. Bf4
dxc4 9. Bxc4 Nd6 10. Bd3 h6 11. Qe2 Bf6 12. Rd1 Re8 13. Ne4 Nxe4 14. Bxe4 Bd7
15. O-O Rc8 16. Bb1 Qe7 17. Qd3 Qb4 18. e4 g5 19. Bc1 Bg7 20. a3 Qe7 21. b4 f5
22. b5 Nd8 23. exf5 exf5 24. Rfe1 Qf7 25. Rxe8+ Qxe8 26. Ba2+ Be6 27. d5 Bd7 28.
d6+ Nf7 29. Bxg5 Qe4 30. Qb3 Qe8 31. Re1 Qf8 32. Be7 Qe8 33. Bf6 Qf8 34. Bxg7
Qxg7 35. Ne5 Re8 36. Qxf7+ Kh7 37. Qxg7+ Kxg7 38. dxc7 Bxb5 39. Be6 {Black
resigns} 1-0

[Event "Team 45 45 League T65"]
[Site "Internet Chess Club"]
[Date "2015.06.14"]
[Round "2"]
[White "xt"]
[Black "jonesey"]
[Result "0-1"]
[WhiteElo "1714"]
[BlackElo "1899"]
[Opening "Giuoco Piano"]
[ECO "C54"]
[Time "16:16:41"]
[TimeControl "2700+45"]

1. e4 e5 2. Nf3 Nc6 3. Bc4 Bc5 4. c3 Nf6 5. d4 exd4 6. cxd4 Bb4+ 7. Bd2 Bxd2+ 8.
Nbxd2 d5 9. exd5 Nxd5 10. O-O O-O 11. Rc1 Nb6 12. Bb3 Bg4 13. h3 Bh5 14. Rc5 Bg6
15. Re1 Qd6 16. Ne4 Qf4 17. g3 Qh6 18. d5 Rad8 19. Qe2 Nb4 20. Rxc7 N4xd5 21.
Rc5 Qxh3 22. Neg5 Qg4 23. Qe5 Nb4 24. Re4 Bxe4 25. Nh2 Rd1+ 26. Bxd1 Qxd1+ 27.
Nf1 Bd3 {White forfeits on time} 0-1

[Event "Team 45 45 League T65"]
[Site "Internet Chess Club"]
[Date "2015.06.15"]
[Round "2"]
[White "Invicta-Knight"]
[Black "LiangLiang"]
[Result "1-0"]
[WhiteElo "1669"]
[BlackElo "1906"]
[Opening "Sicilian: Grand Prix attack"]
[ECO "B23"]
[Time "12:19:46"]
[TimeControl "2700+45"]

1. e4 c5 2. Nc3 Nc6 3. f4 e6 4. Bc4 Bd6 5. d3 Nge7 6. Nf3 a6 7. a4 O-O 8. O-O
Bc7 9. Qe1 d5 10. Ba2 d4 11. Ne2 b5 12. axb5 axb5 13. Bd2 Bb6 14. Qg3 Ba6 15. f5
exf5 16. Bh6 g6 17. Bxf8 Qxf8 18. Ng5 c4 19. exf5 h6 20. Ne4 Kh8 21. fxg6 Nxg6
22. Nd6 Nge5 23. Rf6 Qg7 24. Qf4 cxd3 25. cxd3 Nxd3 26. Rxh6+ Kg8 27. Bxf7+ Kf8
28. Qh4 Nxb2 29. Rh8+ Qxh8 30. Qxh8+ Ke7 31. Qxa8 d3+ 32. Kf1 dxe2+ 33. Kxe2
Kxd6 34. Rxa6 {Black resigns} 1-0

[Event "Team 45 45 League T65"]
[Site "Internet Chess Club"]
[Date "2015.06.15"]
[Round "2"]
[White "lacibacsi"]
[Black "room-matt"]
[Result "1-0"]
[WhiteElo "2061"]
[BlackElo "1909"]
[Opening "Queen's pawn game"]
[ECO "A46"]
[Time "15:05:18"]
[TimeControl "2700+45"]

1. d4 Nf6 2. Nf3 e6 3. Bf4 d5 4. e3 Bd6 5. Bg3 O-O 6. Bd3 Re8 7. Nbd2 c5 8. c3
c4 9. Bc2 Nc6 10. Ne5 Bxe5 11. dxe5 Nd7 12. Nf3 Qb6 13. Rb1 Qc7 14. O-O Nc5 15.
Bxh7+ Kxh7 16. Ng5+ Kg8 17. Qh5 b6 18. f4 Nd8 19. f5 exf5 20. e6 Qc6 21. exf7+
Nxf7 22. Qxf7+ Kh8 23. Rf4 {Black resigns} 1-0

[Event "Team 45 45 League T65"]
[Site "Internet Chess Club"]
[Date "2015.06.14"]
[Round "2"]
[White "Goli"]
[Black "Tobiasdelmonte"]
[Result "0-1"]
[WhiteElo "1766"]
[BlackElo "1783"]
[Opening "Pirc: classical, h3 system"]
[ECO "B07"]
[Time "16:33:43"]
[TimeControl "2700+45"]

1. e4 d6 2. d4 Nf6 3. Nc3 g6 4. h3 Bg7 5. Nf3 O-O 6. Be2 c6 7. O-O Qc7 8. Bf4
Nbd7 9. a4 e5 10. dxe5 dxe5 11. Be3 b6 12. Bc4 a6 13. Ng5 Bb7 14. Nxf7 Rxf7 15.
Bxf7+ Kxf7 16. f3 Kg8 17. Qd2 Re8 18. Rad1 b5 19. axb5 axb5 20. Qd6 Qxd6 21.
Rxd6 Bf8 22. Rd2 Ra8 23. Rfd1 Bc8 24. g4 Nc5 25. Rd8 Ne6 26. R8d2 Be7 27. Ne2
Kf7 28. Nc1 Nc5 29. Kg2 b4 30. b3 Nfd7 31. Kg3 h5 32. h4 hxg4 33. fxg4 Nxe4+ 34.
Kh3 Nxd2 35. Rxd2 Nf6 36. Rf2 Bxg4+ 37. Kg3 Bf5 38. Nd3 Ne4+ {White resigns} 0-1

[Event "Team 45 45 League T65"]
[Site "Internet Chess Club"]
[Date "2015.06.12"]
[Round "2"]
[White "JPSVI"]
[Black "zap2"]
[Result "1-0"]
[WhiteElo "1392"]
[BlackElo "1727"]
[Opening "Van't Kruijs opening"]
[ECO "A00"]
[Time "04:05:21"]
[TimeControl "2700+45"]

1. e3 g6 2. f4 Bg7 3. Nf3 c5 4. Be2 Nc6 5. O-O e6 6. d4 d5 7. c3 Nf6 8. Nbd2 O-O
9. Ne5 Nd7 10. b3 cxd4 11. exd4 Qb6 12. Kh1 Ndxe5 13. fxe5 Bd7 14. Ba3 Rfc8 15.
Bc5 Qa5 16. b4 Qd8 17. b5 Nxe5 18. Bb4 Nc4 19. Bxc4 dxc4 20. a4 a6 21. bxa6 bxa6
22. Qf3 f5 23. Qe2 e5 24. Nxc4 exd4 25. Nd6 a5 26. Qa2+ Kh8 27. Nf7+ Kg8 28.
Nxd8+ Kh8 29. Nf7+ Kg8 30. Nd6+ Kh8 31. Nxc8 Rxc8 32. Rac1 axb4 33. cxb4 Rc3 34.
Rxc3 dxc3 35. Qd5 c2 36. Qa8+ {Black resigns} 1-0

[Event "Team 45 45 League T65"]
[Site "Internet Chess Club"]
[Date "2015.06.12"]
[Round "2"]
[White "Duguesclin"]
[Black "fireball"]
[Result "1/2-1/2"]
[WhiteElo "1653"]
[BlackElo "1619"]
[Opening "Budapest defense"]
[ECO "A52"]
[Time "15:04:08"]
[TimeControl "2700+45"]

1. d4 Nf6 2. c4 e5 3. dxe5 Ng4 4. e6 fxe6 5. e4 Bb4+ 6. Nc3 h5 7. h3 Ne5 8. f4
Qh4+ 9. Ke2 Bxc3 10. bxc3 Nxc4 11. Nf3 Qf6 12. e5 Qg6 13. Qd3 Qxd3+ 14. Kxd3 Nb6
15. Ba3 Nd5 16. g3 b6 17. c4 Ne7 18. Bg2 Nbc6 19. Nd4 Bb7 20. Bxe7 Kxe7 21.
Nxc6+ Bxc6 22. Bxc6 dxc6 23. c5 Rad8+ 24. Ke4 Rd5 25. cxb6 cxb6 26. Rac1 c5 27.
Rc3 Rhd8 28. g4 Rd4+ 29. Ke3 h4 30. f5 R8d5 31. f6+ gxf6 32. exf6+ Kxf6 33. Rf1+
Ke7 34. Rb1 Ra4 35. a3 Ra5 36. Kf4 Ra4+ 37. Ke3 Kd6 38. Rf1 Ke7 39. Rb1 {Game
drawn by repetition} 1/2-1/2

[Event "Team 45 45 League T65"]
[Site "Internet Chess Club"]
[Date "2015.06.15"]
[Round "2"]
[White "JJ12"]
[Black "searchforbobby1"]
[Result "0-1"]
[WhiteElo "2033"]
[BlackElo "2074"]
[Opening "Sicilian: Alapin's variation (2.c3)"]
[ECO "B22"]
[Time "21:01:05"]
[TimeControl "2700+45"]

1. e4 c5 2. c3 Nf6 3. e5 Nd5 4. d4 cxd4 5. Nf3 e6 6. cxd4 d6 7. Bc4 Nc6 8. O-O
Be7 9. Nc3 Nxc3 10. bxc3 dxe5 11. dxe5 Qxd1 12. Rxd1 Bd7 13. Bf4 Na5 14. Bb3 Rc8
15. Rac1 Rc7 16. Be3 b6 17. Nd4 O-O 18. f4 Rfc8 19. Bd2 Nc4 20. Bxc4 Rxc4 21.
Nb3 Kf8 22. g3 Ke8 23. Kf2 a5 24. Rb1 Ra4 25. Rb2 Ba3 26. Rc2 Rac4 27. Bc1 Be7
28. Bb2 a4 29. Nd2 Rd4 30. Rdc1 Rd5 31. c4 Ra5 32. Bc3 Ra7 33. Bd4 Rb7 34. Rb1
b5 35. Ne4 b4 36. c5 Bc6 37. Nd6+ Bxd6 38. cxd6 b3 39. axb3 axb3 40. Rcb2 Bd5
41. Rd1 Kd7 42. Ke2 Rc4 43. Be3 f6 44. Rd4 Rxd4 45. Bxd4 fxe5 46. fxe5 Be4 47.
Ke3 Bc2 48. Bc3 Kc6 49. Kd4 Rf7 50. Ke3 g5 51. Ke2 Kd5 52. h3 h5 53. g4 hxg4 54.
hxg4 Ke4 55. Ke1 Kf4 56. Ke2 Kxg4 57. Ba5 Kf5 58. Bd8 Rd7 59. Bf6 Rxd6 60. exd6
Kxf6 61. Ke3 e5 62. Kf3 e4+ 63. Ke3 Ke6 64. d7 Kxd7 65. Kd4 g4 66. Ke3 Ke6 67.
Kf4 Kd5 68. Kxg4 Kd4 69. Kf4 Kd3 {White resigns} 0-1

[Event "Team 45 45 League T65"]
[Site "Internet Chess Club"]
[Date "2015.06.13"]
[Round "2"]
[White "Monterrey"]
[Black "Logic"]
[Result "1-0"]
[WhiteElo "2027"]
[BlackElo "2026"]
[Opening "Dutch, 2.Bg5 variation"]
[ECO "A80"]
[Time "14:02:00"]
[TimeControl "2700+45"]

1. d4 f5 2. Bg5 g6 3. Nf3 Bg7 4. e3 Nf6 5. c4 a5 6. Nc3 O-O 7. Bd3 d6 8. Qb3
Nbd7 9. Rd1 e5 10. dxe5 dxe5 11. Be2 e4 12. Nd4 Nc5 13. Qa3 Qe7 14. Nd5 Nd3+ 15.
Rxd3 Qxa3 16. Rxa3 Nxd5 17. cxd5 {Black resigns} 1-0

[Event "Team 45 45 League T65"]
[Site "Internet Chess Club"]
[Date "2015.06.14"]
[Round "2"]
[White "Gilligan"]
[Black "chsrules88"]
[Result "1/2-1/2"]
[WhiteElo "2032"]
[BlackElo "2030"]
[Opening "English opening"]
[ECO "A20"]
[Time "15:00:22"]
[TimeControl "2700+45"]

1. c4 e5 2. g3 Nf6 3. Bg2 d5 4. cxd5 Nxd5 5. Nc3 Be6 6. Nf3 Nc6 7. O-O Nb6 8. a3
a5 9. d3 Be7 10. Be3 Nd5 11. Bd2 O-O 12. Rc1 h6 13. Ne4 Re8 14. Nc5 Bxc5 15.
Rxc5 Qd6 16. Qc2 Nd4 17. Nxd4 exd4 18. e4 dxe3 19. fxe3 c6 20. e4 Nf6 21. Kh1
Qd8 22. Be3 Nd7 23. Rc3 Ne5 24. d4 Ng6 25. Bg1 Qd7 26. Rd1 Bh3 27. d5 Bxg2+ 28.
Kxg2 cxd5 29. Rc7 Qg4 30. Rf1 Rxe4 31. Qd3 Qe2+ 32. Qxe2 Rxe2+ 33. Kh3 Re7 34.
Rc5 Rd7 35. Rd1 Ne7 36. Rb5 f6 37. Bc5 Nc6 38. Bb6 d4 39. a4 Kf7 40. Kg2 Re8 41.
Kf2 Re5 42. Rd3 Red5 43. Ke2 Ne5 44. Rxd5 Rxd5 45. Rxd4 Rxd4 46. Bxd4 Ke6 47. b3
Kd5 48. Bb6 Nc6 49. Kd3 f5 50. h4 g5 51. h5 Ne5+ 52. Ke3 Ng4+ 53. Kf3 Nf6 54.
Bxa5 Nxh5 55. Bc3 Ke6 56. b4 Nf6 57. b5 Nd5 58. Bd4 Kd6 59. g4 Ne7 60. a5 Kd5
61. a6 bxa6 62. bxa6 fxg4+ 63. Kxg4 Nc6 64. a7 Nxa7 65. Bxa7 Ke4 66. Kh5 Kf3 67.
Kxh6 g4 68. Kg5 g3 69. Kh4 g2 70. Kh3 g1=R 71. Bxg1 {Game drawn because neither
player has mating material} 1/2-1/2

[Event "Team 45 45 League T65"]
[Site "Internet Chess Club"]
[Date "2015.06.13"]
[Round "2"]
[White "fishhead"]
[Black "LiangLiang"]
[Result "0-1"]
[WhiteElo "1878"]
[BlackElo "1921"]
[Opening "Sicilian: Najdorf, 7...Be7 main line"]
[ECO "B99"]
[Time "12:10:52"]
[TimeControl "2700+45"]

1. e4 c5 2. Nf3 d6 3. d4 cxd4 4. Nxd4 Nf6 5. Nc3 a6 6. Bg5 e6 7. f4 Be7 8. Qf3
Nbd7 9. O-O-O Qc7 10. Bd3 b5 11. Rhe1 Bb7 12. Qg3 O-O-O 13. e5 dxe5 14. fxe5
Nxe5 15. Bxb5 axb5 16. Ncxb5 Qb6 17. Qxe5 Rd5 18. Qe3 Ng4 19. Qc3+ Rc5 20. Bxe7
Rxc3 21. Nxc3 e5 22. Ndb5 Qe6 23. Bd6 Bxg2 24. Ne4 Bxe4 25. Rxe4 Nf2 26. Rxe5
Qh6+ 27. Rd2 Rd8 28. Re7 Rxd6 29. Nxd6+ Kb8 30. Re2 Qxh2 31. c3 Nd3+ 32. Kc2
Qxd6 33. Rxd3 Qg6 34. Re3 h5 35. Rg3 Qh7 36. Kd2 Qh6+ 37. Ke2 Qc1 38. Rd2 Qb1
39. Rxg7 Qe4+ 40. Kf1 Qf4+ 41. Rf2 Qc1+ 42. Kg2 h4 43. Rgxf7 Qg5+ 44. Kh1 Qd5+
45. Kh2 Qe5+ 46. R7f4 Qg5 47. R2f3 Qe5 48. Kh3 Qe6+ 49. Kxh4 Qe1+ 50. Rf2 Qh1+
51. Kg4 Qg1+ 52. Kf3 Qh1+ 53. Ke2 Qh5+ 54. Kd2 Qd5+ 55. Kc2 Qxa2 56. Rh2 Qg8 57.
Rhh4 Qg2+ 58. Kb3 Qd5+ 59. Rc4 Kb7 60. Ka3 Qd6+ 61. b4 Qd1 62. Rc5 Qa1+ 63. Kb3
Qb1+ 64. Kc4 Qf1+ 65. Kd5 Qf5+ 66. Kc4 Qf1+ 67. Kb3 Qb1+ 68. Ka4 Qa2+ 69. Kb5
Qa6# {White checkmated} 0-1

[Event "Team 45 45 League T65"]
[Site "Internet Chess Club"]
[Date "2015.06.11"]
[Round "2"]
[White "infiniteshug"]
[Black "Epcot"]
[Result "1-0"]
[WhiteElo "2164"]
[BlackElo "2124"]
[Opening "Sicilian: closed"]
[ECO "B23"]
[Time "14:36:29"]
[TimeControl "2700+45"]

1. e4 c5 2. Nc3 d6 3. f4 g6 4. Nf3 Bg7 5. Bc4 Nc6 6. O-O Nf6 7. d3 O-O 8. Qe1
Nd4 9. Nxd4 cxd4 10. Nd1 d5 11. Bb3 dxe4 12. dxe4 Nd7 13. f5 Nc5 14. Bc4 d3 15.
c3 b5 16. Bd5 Bb7 17. Bxb7 Nxb7 18. Nf2 Qd6 19. Be3 Nc5 20. Rd1 Rfd8 21. Kh1 Qc6
22. Bxc5 Qxc5 23. Nxd3 Qc4 24. Qe2 b4 25. cxb4 Rd4 26. b3 Qb5 27. a4 Qc6 28.
fxg6 hxg6 29. Qf3 Kh7 30. Nc5 Rxb4 31. Qxf7 Qxc5 32. Rf3 Qh5 33. Rh3 Qxh3 34.
gxh3 Rxe4 35. Qd5 {Black resigns} 1-0

[Event "Team 45 45 League T65"]
[Site "Internet Chess Club"]
[Date "2015.06.14"]
[Round "2"]
[White "junard"]
[Black "TillyChess"]
[Result "0-1"]
[WhiteElo "2012"]
[BlackElo "2184"]
[Opening "Queen's pawn"]
[ECO "A40"]
[Time "07:07:37"]
[TimeControl "2700+45"]

1. d4 e6 2. Nf3 d5 3. c4 c6 4. cxd5 exd5 5. Nc3 Bf5 6. Bg5 Qb6 7. Qc1 Nd7 8. e3
Ngf6 9. Nd2 Bd6 10. Be2 h6 11. Bh4 O-O 12. O-O Rfe8 13. Nb3 Rac8 14. Rd1 Qc7 15.
Bg3 Bxg3 16. hxg3 Ng4 17. Bd3 Bxd3 18. Rxd3 Ndf6 19. Qd1 h5 20. Rc1 Qd6 21. Nd2
g6 22. Nf1 Re7 23. a3 Rce8 24. b4 a6 25. Qb3 Nh6 26. a4 Nfg4 27. Nd1 Nf5 28. b5
axb5 29. axb5 Rc7 30. Rdc3 Rec8 31. bxc6 bxc6 32. Nb2 Qf6 33. Qc2 Qg5 34. Rxc6
Rxc6 {White resigns} 0-1

[Event "Team 45 45 League T65"]
[Site "Internet Chess Club"]
[Date "2015.06.12"]
[Round "2"]
[White "modiglani"]
[Black "LittleButton"]
[Result "1/2-1/2"]
[WhiteElo "1911"]
[BlackElo "1861"]
[Opening "Réti opening"]
[ECO "A04"]
[Time "15:00:35"]
[TimeControl "2700+45"]

1. Nf3 e6 2. d3 c5 3. e4 Nc6 4. g3 Nf6 5. Bg2 Be7 6. O-O O-O 7. Re1 d5 8. e5 Ne8
9. h4 b5 10. Bf4 a5 11. Nbd2 Nc7 12. Nh2 b4 13. h5 a4 14. c4 Nd4 15. Ng4 Bb7 16.
h6 g6 17. Nf3 dxc4 18. Nxd4 Bxg2 19. Kxg2 Qxd4 20. dxc4 Rfd8 21. Qc2 Qd3 22.
Rac1 Qxc2 23. Rxc2 Rd4 24. Nf6+ Kh8 25. Be3 Rd3 26. Ne4 Na6 27. Rd2 Rad8 28.
Ree2 {Game drawn by mutual agreement} 1/2-1/2

[Event "Team 45 45 League T65"]
[Site "Internet Chess Club"]
[Date "2015.06.14"]
[Round "2"]
[White "Jack-ONeill"]
[Black "imgr8"]
[Result "0-1"]
[WhiteElo "2076"]
[BlackElo "2232"]
[Opening "Sicilian defense"]
[ECO "B30"]
[Time "09:25:32"]
[TimeControl "2700+45"]

1. e4 c5 2. Nf3 Nc6 3. c3 Nf6 4. e5 Nd5 5. d4 cxd4 6. cxd4 d6 7. Nc3 dxe5 8.
dxe5 Nxc3 9. Qxd8+ Nxd8 10. bxc3 Bd7 11. Be3 g6 12. Rb1 Bg7 13. Bb5 Bxb5 14.
Rxb5 O-O 15. O-O b6 16. c4 Nb7 17. Rd5 Rfd8 18. Rfd1 Kf8 19. Kf1 Ke8 20. Ng5
Bxe5 21. Ke2 Bg7 22. Nxh7 f6 23. h4 Rxd5 {White resigns} 0-1

[Event "Team 45 45 League T65"]
[Site "Internet Chess Club"]
[Date "2015.06.12"]
[Round "2"]
[White "RickyWang"]
[Black "Ptzz"]
[Result "1/2-1/2"]
[WhiteElo "1812"]
[BlackElo "2063"]
[Opening "Caro-Kann: Tartakower (fantasy) variation"]
[ECO "B12"]
[Time "14:31:05"]
[TimeControl "2700+45"]

1. e4 c6 2. d4 d5 3. f3 dxe4 4. fxe4 e5 5. Nf3 Bg4 6. Bc4 Nd7 7. O-O Ngf6 8. Bg5
Qc7 9. c3 Bd6 10. Nbd2 O-O 11. h3 Bh5 12. Bh4 Rae8 13. Qc2 Bg6 14. Bd3 b5 15. a4
a6 16. axb5 axb5 17. b3 Nh5 18. Bf2 Nf4 19. Nh4 Nxd3 20. Qxd3 Nf6 21. Nxg6 hxg6
22. Rfe1 Ra8 23. Nf3 Rxa1 24. Rxa1 Re8 25. Bg3 Nd7 26. Re1 exd4 27. e5 Bc5 28.
cxd4 Bb4 29. e6 Qxg3 30. exf7+ Kxf7 31. Ne5+ Nxe5 32. Rf1+ Nf3+ 33. Rxf3+ Qxf3
34. Qxf3+ Kg8 35. Qxc6 Rf8 36. Qxb5 Bd2 37. Qd3 Bf4 38. d5 Rf6 39. g3 Bc7 40.
Kg2 Kf7 41. b4 Ke7 42. Qc4 Bb6 43. b5 Kd6 44. g4 g5 45. Qc6+ Ke5 46. Qd7 Ke4 47.
Qe6+ Kd4 48. Qg8 Ke4 49. Qh7+ Ke3 50. Qxg7 Rf2+ 51. Kg1 Ke2 52. Qe5+ Be3 53.
Qb2+ Kf3 54. Qf6+ Kg3 55. Qe5+ Kf3 56. Qf5+ Kg3 57. Qe5+ Kf3 58. Qf5+ Kg3 59.
Qe5+ {Game drawn by repetition} 1/2-1/2

[Event "Team 45 45 League T65"]
[Site "Internet Chess Club"]
[Date "2015.06.12"]
[Round "2"]
[White "Holgate"]
[Black "ausya"]
[Result "1-0"]
[WhiteElo "2031"]
[BlackElo "1708"]
[Opening "Sicilian: Hungarian variation"]
[ECO "B27"]
[Time "10:00:43"]
[TimeControl "2700+45"]

1. e4 c5 2. Nf3 g6 3. d4 cxd4 4. Qxd4 Nf6 5. e5 Nc6 6. Qa4 Nd5 7. Qe4 Nb6 8. Nc3
Bg7 9. Bf4 O-O 10. O-O-O Re8 11. h4 h5 12. Ng5 d5 13. exd6 Bf5 14. Qe3 exd6 15.
Qg3 Ne5 16. Bb5 Re7 17. Nge4 Bxe4 18. Nxe4 Nec4 19. Nxd6 Nxb2 20. Nxb7 Qxd1+ 21.
Rxd1 Nxd1 22. Kxd1 Rxb7 23. c4 Rd8+ 24. Kc2 Re7 25. c5 Nd5 26. Bg5 f6 27. Bd2
Kh7 28. c6 Rc8 29. Qd6 Re5 30. Ba6 Bf8 31. Qd7+ Re7 32. Qxc8 Bg7 33. Qd8 {Black
resigns} 1-0

[Event "Team 45 45 League T65"]
[Site "Internet Chess Club"]
[Date "2015.06.12"]
[Round "2"]
[White "alexkolay"]
[Black "Tobiasdelmonte"]
[Result "1-0"]
[WhiteElo "1816"]
[BlackElo "1766"]
[Opening "QGD: Tarrasch defense, 4.cd ed"]
[ECO "D32"]
[Time "22:00:16"]
[TimeControl "2700+45"]

1. d4 d5 2. c4 e6 3. Nc3 c5 4. cxd5 exd5 5. dxc5 Bxc5 6. Qxd5 Qb6 7. e3 Nf6 8.
Qd1 O-O 9. Nf3 Rd8 10. Qc2 Nc6 11. a3 g6 12. Na4 Qa5+ 13. Bd2 Rxd2 14. Nxd2 Bf8
15. Be2 Bf5 16. Qd1 Rd8 17. Nc3 Qb6 18. Qc1 Bg7 19. O-O a6 20. Rd1 Ne5 21. Nc4
Rxd1+ 22. Nxd1 Nxc4 23. Bxc4 Ng4 24. h3 Ne5 25. Be2 h5 26. Nc3 Nc6 27. Qd2 Qb3
28. Bd1 Qb6 29. Rc1 Be6 30. Ba4 Na5 31. Rd1 Bf6 32. Qc2 Nc4 33. Bd7 Nxb2 34. Na4
Nxa4 35. Bxe6 Nc3 36. Qxg6+ Bg7 37. Bxf7+ {Black resigns} 1-0

[Event "Team 45 45 League T65"]
[Site "Internet Chess Club"]
[Date "2015.06.15"]
[Round "2"]
[White "Regista"]
[Black "hidemitsu"]
[Result "1/2-1/2"]
[WhiteElo "2224"]
[BlackElo "2235"]
[Opening "English: Mikenas-Carls, Flohr variation"]
[ECO "A18"]
[Time "16:01:48"]
[TimeControl "2700+45"]

1. c4 Nf6 2. Nc3 e6 3. e4 d5 4. e5 d4 5. exf6 dxc3 6. bxc3 Qxf6 7. d4 c5 8. Nf3
h6 9. Bd3 Nc6 10. O-O Bd6 11. Be3 O-O 12. dxc5 Bc7 13. Nd4 Rd8 14. Qh5 Be5 15.
Nxc6 bxc6 16. Be4 Bxc3 17. Rad1 Bb7 18. g4 Bd4 19. g5 Qe5 20. Bxd4 Rxd4 21. Bh7+
Kh8 22. Rxd4 Qxd4 23. Qxf7 Kxh7 24. Qxb7 Qg4+ 25. Kh1 Qf3+ 26. Kg1 Rf8 27. gxh6
Qg4+ {Game drawn by mutual agreement} 1/2-1/2

[Event "Team 45 45 League T65"]
[Site "Internet Chess Club"]
[Date "2015.06.15"]
[Round "2"]
[White "RazorBladeTeddy"]
[Black "Pomberito"]
[Result "0-1"]
[WhiteElo "1982"]
[BlackElo "2055"]
[Opening "Budapest defense"]
[ECO "A52"]
[Time "18:31:32"]
[TimeControl "2700+45"]

1. d4 Nf6 2. c4 e5 3. dxe5 Ng4 4. a3 Nxe5 5. e3 a5 6. f4 Nec6 7. Nc3 Bc5 8. Bd3
d6 9. Qh5 Nd7 10. Nf3 Nf6 11. Qh4 Qe7 12. Bd2 a4 13. O-O-O Ng4 14. Ng5 f5 15.
Nd5 Qd8 16. Bc3 Kf8 17. Qh5 Qd7 18. Nxh7+ Kg8 19. h3 Rxh7 20. Qg5 Bxe3+ 21. Kb1
Bxf4 22. Qxf4 Nge5 23. g4 Qf7 24. Bxf5 Bxf5+ 25. gxf5 Rf8 26. f6 gxf6 27. Rdg1+
Kh8 28. Rg3 Ne7 29. Ne3 N7g6 30. Qf5 Qd7 31. Qf1 Qe6 32. h4 Ne7 33. h5 Rg8 34.
Rxg8+ Nxg8 35. Qf4 Nh6 36. Rg1 Nhf7 37. Nd5 Rg7 38. Rf1 Rg4 39. Qxf6+ Qxf6 40.
Rxf6 Kg7 41. c5 Rg1+ 42. Kc2 c6 43. h6+ Kh7 44. cxd6 cxd5 45. d7 Rg8 46. Re6 Nc6
47. Re8 Nxh6 {White resigns} 0-1